 Dungeon Crawl Stone Soup version 0.16.0-17-g811c1d7 (console) character file.

42 mauris the Grasshopper (level 3, -5/27 HPs)
             Began as a Formicid Warper on Mar 21, 2015.
             Was an Initiate of Dithmenos.
             Slain by a water moccasin (8 damage)
             ... on level 7 of the Dungeon.
             The game lasted 00:03:15 (1510 turns).

mauris the Grasshopper (Formicid Warper)            Turns: 1510, Time: 00:03:15

Health: -5/27      AC:  3    Str: 15    XL:     3   Next: 77%
Magic:  7/7        EV: 12    Int: 12    God:    Dithmenos [......]
Gold:   64         SH:  0    Dex: 11    Spells: 1 memorised, 5 levels left

rFire  . . .     SeeInvis +     a - +0 short sword
rCold  . . .     Clarity  .     b - +0 leather armour {3}
rNeg   . . .     SustAb   .     (no shield)
rPois  .         Gourm    .     (helmet unavailable)
rElec  .         Spirit   .     (no cloak)
rCorr  .         Warding  .     (no gloves)
rMut   +         Stasis   +     (no boots)
MR     .....                    m - amulet of resist mutation
Stlth  +.........               (no ring)
                                (no ring)

@: not resistant to hostile enchantments, very unstealthy
A: permanent stasis, dig shafts and tunnels, four strong arms, antennae 3
a: Dig, Shaft Self, Renounce Religion


You were on level 7 of the Dungeon.
You worshipped Dithmenos.
Dithmenos was noncommittal.
You were full.

You visited 1 branch of the dungeon, and saw 5 of its levels.

You collected 64 gold pieces.

Inventory:

Hand weapons
 a - a +0 short sword (weapon)
Missiles
 e - 5 tomahawks of dispersal (quivered) {!f}
Armour
 b - a +0 leather armour (worn) {3}
 l - a +0 chain mail {8}
Jewellery
 m - an amulet of resist mutation (around neck)
Scrolls
 d - a scroll of amnesia {unknown}
 g - a scroll of identify {@r1}
 i - a scroll of remove curse {unknown}
 j - a scroll of teleportation {@r4}
Potions
 h - 2 potions of ambrosia {!q}
Books
 c - a book of Spatial Translocations

   Spells                             Type                      Level
   a - Apportation                    Translocation                1
   b - Blink                          Translocation                2
   c - Shroud of Golubria             Charms/Translocation         2
   d - Portal Projectile              Translocation                3
   e - Teleport Other                 Translocation                3
   f - Passage of Golubria            Translocation                4
Comestibles
 f - 2 bread rations


   Skills:
 - Level 2.2 Fighting
 + Level 2.4 Short Blades
 - Level 1.0 Throwing
 - Level 2.2 Armour
 + Level 2.2 Dodging
 - Level 2.3 Spellcasting
 - Level 2.6 Translocations


You had 5 spell levels left.
You knew the following spells:

 Your Spells              Type           Power        Failure   Level  Hunger
A - Apportation           Tloc           #.........   12%         1    ##.....


Dungeon Overview and Level Annotations

Branches:
Dungeon (7/15)
 Temple: D:4-7

Altars:
Dithmenos

Shops:
D:7 *


Innate Abilities, Weirdness & Mutations

You are under a permanent stasis effect.
You can dig through walls and to a lower floor.
Your four strong arms can wield two-handed weapons with a shield.
You have a pair of large antennae on your head (SInv).


Message History

You feel better. The water moccasin bites you!
* * * LOW HITPOINT WARNING * * *
You closely miss the water moccasin.
The water moccasin is heavily wounded.
The water moccasin closely misses you.
You hit the water moccasin!
The water moccasin is severely wounded.
The water moccasin closely misses you. x2
You barely miss the water moccasin.
The water moccasin is severely wounded.
The water moccasin bites you.
* * * LOW HITPOINT WARNING * * *
Huge Dmg: -15%(-4hp) hp: 8%(2hp)
You hit the water moccasin but do no damage.
The water moccasin is severely wounded.
The water moccasin bites you but does no damage. x2
You closely miss the water moccasin.
The water moccasin is severely wounded.
The water moccasin bites you!
You die...

### #@##
#..S#.##
####
#.\.##.# #..
#...#.##
#.#####+##.#
#.....# #..#
#..##.# #.##
#..<#.# #.#
#...#.#
#.#####


You could see a water moccasin.

Vanquished Creatures
  A gnoll (D:1)
  An orc (D:3)
  5 bats (D:1)
  A giant cockroach (D:3)
  3 goblins
  3 hobgoblins
  4 jackals (D:3)
  7 kobolds
  2 rats (D:1)
27 creatures vanquished.

Notes
Turn   | Place    | Note
--------------------------------------------------------------
     0 | D:1      | mauris, the Formicid Warper, began the quest for the Orb.
     0 | D:1      | Reached XP level 1. HP: 16/16 MP: 3/3
   213 | D:1      | Reached XP level 2. HP: 22/22 MP: 5/5
   448 | D:1      | Reached skill level 1 in Throwing
   964 | D:1      | Huge Dmg: 5 dmg
   965 | D:1      | Reached XP level 3. HP: 20/27 MP: 7/7
  1225 | D:3      | Found a shadowy altar of Dithmenos.
  1235 | D:3      | Became a worshipper of Dithmenos the Shadowed
  1371 | D:3      | You fall through a shaft for 3 floors!
  1423 | D:6      | Noticed an ogre
  1497 | D:7      | Found Xaoqaen's Serpentskin Sales.
  1497 | D:7      | Noticed a water moccasin
  1503 | D:7      | Huge Dmg: 7 dmg
  1505 | D:7      | Huge Dmg: 8 dmg
  1509 | D:7      | Huge Dmg: 4 dmg
  1510 | D:7      | Slain by a water moccasin

Action                   || total
-------------------------++-------
Melee: Short sword       ||    77
 Abil: Dig               ||     1
       Shaft Self        ||     1
  Use: Scroll            ||     3
       Potion            ||     1
  Eat: Meat ration       ||     1
       Beef jerky        ||     1
       Chunk             ||     1

Vault maps used:
D:1:      minmay_arrival_loop
D:2:      grunt_temple_overflow_open, minmay_cut_off
D:3:      nicolae_dithmenos_through_a_glass_darkly
D:6:      lemuel_doored_altar
D:7:      grunt_temple_overflow_order_and_chaos_2, led_sif_book, serial_shops,
          shop, guppyfry_shop_venom
